 Dungeon Crawl Stone Soup version 0.25.1-2-g60ff931df9 (webtiles) character file.

Game seed: 17139238009952857498

245 DogServant the Slasher (level 5, 1/46 HPs)
             Began as a Draconian Warper on Oct 23, 2020.
             Quit the game on level 4 of the Dungeon.
             The game lasted 00:08:12 (4145 turns).

DogServant the Slasher (Draconian Warper)           Turns: 4145, Time: 00:08:13

Health: 1/46       AC:  6    Str: 14    XL:     5   Next: 83%
Magic:  10/17      EV: 12    Int: 14    God:
Gold:   209        SH:  0    Dex: 12    Spells: 1/8 levels left

rFire    + . .     SeeInvis .   g - +0 long sword
rCold    . . .     Gourm    .   (no shield)
rNeg     . . .     Faith    .   (armour unavailable)
rPois    .         Spirit   .   (helmet restricted)
rElec    .         Reflect  .   (no cloak)
rCorr    .         Harm     .   h - +0 pair of gloves
MR       .....                  (no boots)
Stlth    +.........             (no amulet)
HPRegen  0.15/turn              o - ring of magical power
MPRegen  0.15/turn              (no ring)

@: lethally poisoned (1 -> -2), hasted, very quick
A: unfitting armour, stinger 1, talons 1, agile 1, blurry vision 1, fire
resistance 1, high mp 1, cold-blooded, AC +5
a: no special abilities


You were on level 4 of the Dungeon.
You were not hungry.

You visited 1 branch of the dungeon, and saw 4 of its levels.

You collected 209 gold pieces.

Inventory:

Hand Weapons
 a - a +0 falchion
 g - a +0 long sword (weapon)
Missiles
 b - 4 javelins (quivered)
 p - 3 boomerangs
Armour
 h - a +0 pair of gloves (worn)
Magical Staves
 d - an uncursed staff of wizardry
Jewellery
 o - a ring of magical power (left hand)
Scrolls
 c - 2 scrolls of blinking
 e - 3 scrolls of remove curse
 i - 2 scrolls of identify
 j - 2 scrolls of enchant weapon
 l - a scroll of teleportation
Potions
 n - a potion of haste
Comestibles
 f - 8 rations
 q - 6 chunks of flesh


   Skills:
 - Level 4.1 Fighting
 - Level 4.2 Long Blades
 - Level 0.8 Throwing
 + Level 2.2 Dodging
 - Level 2.0 Spellcasting
 + Level 1.6 Charms
 + Level 3.6 Translocations


You had one spell level left.
You knew the following spells:

 Your Spells              Type           Power        Failure   Level  Hunger
a - Blink                 Tloc           N/A          9%          2    ###....
b - Shroud of Golubria    Chrm/Tloc      #.....       12%         2    ###....
c - Gell's Gravitas       Tloc           ##........   16%         3    ####...

Your spell library contained the following spells:

 Spells                   Type           Power        Failure   Level  Hunger
 Lesser Beckoning         Tloc           ##........   16%         3    ####...
 Teleport Other           Tloc           ##......     16%         3    ####...
 Passage of Golubria      Tloc           N/A          47%         4    #####..


Dungeon Overview and Level Annotations

Branches:
Dungeon (4/15)
 Temple: D:4-7

Altars:
Gozag
Makhleb
Okawaru
Trog

Annotations:
D:3 1 runed translucent door, Crazy Yiuf
D:4 Blork the orc, Sigmund


Innate Abilities, Weirdness & Mutations

Your plain brown scales are hard. (AC +5)
You cannot fit into any form of body armour.
You are cold-blooded and may be slowed by cold attacks.
Your tail ends in a poisonous barb.
You have sharp toenails.
You are agile. (Dex +2)
Scrolls take you a little longer to read.
Your flesh is heat resistant. (rF+)
You have an increased reservoir of magic. (+10% MP)


Message History

Okay, then.
Really quaff the potion of mutation?
You feel extremely strange.
You feel more energetic.
You feel clumsy.
Your vision blurs.
A poisonous barb forms on the end of your tail.
Really quaff the potion of mutation?
Okay, then.
There is a lethal amount of poison in your body!
Really quaff the potion of mutation?
You feel extremely strange.
You feel agile.
You feel resistant to heat.
You feel agile.
Your toenails lengthen and sharpen.
Your surroundings suddenly seem different.
* * * LOW HITPOINT WARNING * * *
You feel sick.
Okay, then.
(D) Dungeon
Where to? (Enter - D:3 @ (x,y), ? - help)
There is a lethal amount of poison in your body!
Are you sure you want to abandon this character and quit the game? (Confirm with "yes".)

.....)..Z..##.##).#.###.)#####..#
...........##...).....)....[.....
.).........######.#.............#
.........#.#........###..#####...
.........#.#.#.##........... ...#
.........#.#.........##..........
.........#...._.....###..........
.........#..........# #..........
.........##.....@..## #.#########
.........##........# #........#
#%.......# ####......# #......#
#......# #......# ...


There were no monsters in sight!

Vanquished Creatures
  A hound (D:3)
  An orc priest (D:4)
  An orc wizard (D:4)
  7 adders
  An ooze (D:2)
  A worm (D:3)
  3 dart slugs
  5 leopard geckos
  9 orcs
  A giant cockroach (D:3)
  7 goblins
  4 hobgoblins
  11 jackals
  6 kobolds
  A quokka (D:3)
  2 ball pythons (D:1)
  5 bats
  2 frilled lizards
  4 rats
72 creatures vanquished.

Notes
Turn   | Place    | Note
-------+----------+-------------------------------------------
     0 | D:1      | DogServant the Draconian Warper began the quest for the
                  | Orb.
     0 | D:1      | Reached XP level 1. HP: 17/17 MP: 3/3
   262 | D:1      | Reached XP level 2. HP: 25/25 MP: 5/5
  1046 | D:2      | Reached XP level 3. HP: 20/31 MP: 6/6
  1526 | D:2      | Found an iron altar of Okawaru.
  1801 | D:2      | Reached XP level 4. HP: 34/40 MP: 7/7
  1933 | D:3      | Learned a level 2 spell: Blink
  1936 | D:3      | Learned a level 2 spell: Shroud of Golubria
  1940 | D:3      | Learned a level 3 spell: Gell's Gravitas
  2258 | D:3      | Found a runed translucent door.
  2259 | D:3      | Noticed Crazy Yiuf
  2312 | D:3      | Found an opulent altar of Gozag.
  2628 | D:3      | Found a bloodstained altar of Trog.
  2722 | D:3      | Found a faded altar of an unknown god.
  2857 | D:3      | Reached XP level 5. HP: 12/46 MP: 0/8
  3540 | D:4      | Noticed Sigmund
  3574 | D:3      | Reached skill level 1 in Charms
  3629 | D:4      | Noticed Blork the orc
  4042 | D:4      | Found a burning altar of Makhleb.
  4141 | D:4      | HP: 2/46 [poisoned by a scorpion]
  4143 | D:4      | Gained mutation: You have an increased reservoir of magic.
                  | (+10% MP) [potion of mutation]
  4143 | D:4      | Gained mutation: You are clumsy. (Dex -2) [potion of
                  | mutation]
  4143 | D:4      | Gained mutation: Scrolls take you a little longer to read.
                  | [potion of mutation]
  4143 | D:4      | Gained mutation: Your tail ends in a poisonous barb.
                  | [potion of mutation]
  4144 | D:4      | Lost mutation: You are clumsy. (Dex -2) [potion of
                  | mutation]
  4144 | D:4      | Gained mutation: Your flesh is heat resistant. (rF+)
                  | [potion of mutation]
  4144 | D:4      | Gained mutation: You are agile. (Dex +2) [potion of
                  | mutation]
  4144 | D:4      | Gained mutation: You have sharp toenails. [potion of
                  | mutation]
  4145 | D:4      | Quit the game

Illustrated notes

Levels and vault maps discovered:
D:1:      dpeg_arrival_arbitrary_a, layout_loops_ring
D:2:      layout_rooms, nicolae_overflow_hidden_temple
D:3:      layout_rooms, nicolae_gozag_seed_capital,
          chequers_ecumenical_altar_simple_redux, first_ration,
          trog_butcher_becter, uniq_crazy_yiuf_cottage
D:4:      layout_basic, led_sif_pool, bloody_makhleb, uniq_blork_the_orc,
          uniq_sigmund

Skill      XL: |  1  2  3  4  5 |
---------------+----------------+-----
Fighting       | 3 4 |  4.1
Long Blades    | 3 4 |  4.2
Charms         | 1 |  1.6
Throwing       | |  0.8
Dodging        | |  2.2
Spellcasting   | |  2.0
Translocations | |  3.6

Action                   |  1- 3 |  4- 6 || total
-------------------------+-------+-------++-------
Melee: Falchion          |   106 |   143 ||   249
       Tailslap          |    11 |    14 ||    25
       Long sword        |       |    18 ||    18
Throw: Boomerang         |     2 |     3 ||     5
       Javelin           |       |     3 ||     3
 Cast: Blink             |       |     8 ||     8
       Shroud of Golubri |       |     3 ||     3
       Gell's Gravitas   |       |     1 ||     1
  Use: Scroll            |       |     8 ||     8
       Potion            |       |     5 ||     5
 Stab: Sleeping          |     1 |       ||     1
  Eat: Chunk             |     3 |     5 ||     8
       Ration            |       |     1 ||     1
Armor: Skin              |    42 |    66 ||   108
Dodge: Dodged            |    96 |   122 ||   218
       Rpst.: Falchion   |    29 |    33 ||    62
       Long sword        |       |     4 ||     4
